 Dungeon Crawl Stone Soup version 0.28.0-53-g5a82cb258f (webtiles) character file.

Game seed: 16856492599799670467

933 MalarOregon the Cudgeller (level 7, -11/57 HPs)
             Began as a Palentonga Fighter on June 14, 2022.
             Was an Initiate of Hepliaklqana.
             Mangled by an ogre
             ... wielding a +0 giant club
              (25 damage)
             ... on level 6 of the Dungeon.
             The game lasted 00:11:34 (4626 turns).

MalarOregon the Cudgeller (Palentonga Fighter)      Turns: 4626, Time: 00:11:35

Health: -11/57     AC: 14    Str: 19    XL:     7   Next: 86%
Magic:  10/10      EV:  9    Int: 11    God:    Hepliaklqana [......]
Gold:   217        SH:  4    Dex:  9    Spells: 4/10 levels left

rFire   . . .      SeeInvis +   a - staff of earth
rCold   . . .      Faith    .   c - +0 buckler
rNeg    . . .      Spirit   .   j - +1 robe {Will+}
rPois   .          Reflect  .   B - +1 helmet
rElec   .          Harm     .   (no cloak)
rCorr   .          Rampage  .   (no gloves)
Will    +....                   (no barding)
Stlth   +.........              e - amulet of regeneration
HPRegen 0.99/turn               (no ring)
MPRegen 0.12/turn               (no ring)

@: curled up
A: large, rugged brown scales 3, see invisible, deformed body, roll 1, armoured
tail, reflexive curl
a: Rolling Charge, Renounce Religion


You were on level 6 of the Dungeon.
You worshipped Hepliaklqana.
Hepliaklqana was noncommittal.
You visited 2 branches of the dungeon, and saw 7 of its levels.

You collected 217 gold pieces.


Innate Abilities, Weirdness & Mutations

You are completely covered in rugged brown scales. (AC +3, +7% HP)
You have supernaturally acute eyesight. (SInv)
Armour fits poorly on your strangely shaped body.
You can roll at nearby foes to attack.
You have a long armoured tail.
You curl defensively after being hit. (AC +7*)


   Skills:
 + Level 4.1 Fighting
 - Level 4.4 Maces & Flails
 + Level 0.0(2.6) Staves
 + Level 1.9 Throwing
 + Level 3.3 Armour
 + Level 2.0 Dodging
 + Level 3.4 Shields
 + Level 2.2 Spellcasting
 + Level 1.0 Conjurations
 + Level 1.2 Transmutations
 + Level 1.1 Fire Magic
 + Level 1.0 Air Magic
 + Level 0.2 Earth Magic
 + Level 1.1 Poison Magic
 + Level 0.0 Invocations
 + Level 0.0 Evocations


You had 4 spell levels left.
You knew the following spells:

 Your Spells              Type           Power      Damage    Failure   Level
a - Ignite Poison         Fire/Tmut/Pois 3%         N/A       54%         3
f - Mephitic Cloud        Conj/Pois/Air  3%         N/A       56%         3

Your spell library contained the following spells:

 Spells                   Type           Power      Damage    Failure   Level
 Passwall                 Tmut/Erth      3%         N/A       36%         2
 Ensorcelled Hibernation  Hex/Ice        2%         N/A       47%         2
 Swiftness                Air            3%         N/A       56%         3
 Freezing Cloud           Conj/Ice/Air   1%         6-21      100%        5
 Borgnjor's Revivificati  Necr           0%         N/A       100%        8
 Necromutation            Tmut/Necr      1%         N/A       100%        8
 Death's Door             Necr           0%         N/A       100%        9

Inventory:

Hand Weapons
 b - a +0 dagger of venom
   (You took it off a goblin on level 2 of the Dungeon)
Missiles
 h - 7 curare-tipped darts {!f}
 s - 6 poisoned darts
 y - 5 boomerangs
Armour
 c - a +0 buckler (worn)
 j - a +1 robe of willpower (worn)
   (You took it off Sigmund on level 2 of the Dungeon)
 B - a +1 helmet (worn)
   (You found it on level 5 of the Dungeon)
Magical Staves
 a - a staff of earth (weapon)
   (You found it on level 5 of the Dungeon)
Jewellery
 e - an amulet of regeneration (around neck)
   (You found it on level 1 of the Dungeon)
 n - a ring of ice
   (You found it on level 3 of the Dungeon)
Wands
 d - a wand of iceblast (4)
   (You took it off Ijyb on level 3 of the Dungeon)
Scrolls
 f - 4 scrolls of teleportation {unknown}
 k - a scroll of amnesia {unknown}
 o - a scroll of noise {unknown}
 r - a scroll of enchant weapon {unknown}
 u - 2 scrolls of magic mapping {unknown}
 v - a scroll of enchant armour {unknown}
 w - 2 scrolls of identify {unknown}
 x - a scroll of fear {unknown}
Potions
 g - a potion of ambrosia {unknown}
 i - a potion of resistance {unknown}
 l - 2 potions of might
 m - a potion of cancellation {unknown}
 p - 2 potions of curing {unknown}
 q - a potion of heal wounds {unknown}
 t - a potion of berserk rage {unknown}

Dungeon Overview and Level Annotations

Branches:
Dungeon (6/15)             Temple (1/1) D:5

Altars:
Ashenzari
Dithmenos
Elyvilon
Gozag
Hepliaklqana
Kikubaaqudgha
Makhleb
Okawaru
Ru
Sif Muna
Uskayaw
Vehumet
Wu Jian
Xom
Yredelemnul
The Shining One

Annotations:
D:3 2 transporters, diceflayer's ghost, amateur MiFi
D:6 Duvessa

.....#####.......#
........##..#######
............# ## ##
##.......>..#
...............#
......####.###.#
..... #.# #.#
......####n# #.#
......o<@ec# #.#
.....##O#### .# ...
.oo. . ##.### #. #.
#. #.


You could see Duvessa (ally target), an ogre (ally target), a friendly
necrophage (summoned), a friendly centaur (summoned) and 3 friendly orcs.


Message History

You now have 205 gold pieces (gained 15).
Found a white marble altar of Elyvilon.
You drop an amulet of magic regeneration.
Okay, then.
Found a stone staircase leading up.
Key pressed, stopping explore.
Found a stone staircase leading down.
Key pressed, stopping explore.
v - a staff of earth Key pressed, stopping explore.
You see here a +0 leather armour.
Found a stone staircase leading down.
Okay, then.
You enter the shallow water.
Moving in this stuff is going to be slow.
As you open the door, it creaks loudly!
You open the door.
Found 13 bolts.
Done exploring.
Done exploring.
Done exploring.
Done exploring.
Unknown command.
Unknown command.
Setting a skill training target for Staves at 12.0.
You are now empty-handed.
You drop a +0 flail.
Adjust (i)tems, (s)pells, or (a)bilities?
v - a staff of earth Adjust to which letter? (? for menu, Esc to quit)
a - a staff of earth
a - a staff of earth (weapon)
Done exploring.
Done exploring.
Done exploring.
There is a stone staircase leading down here.
Unknown command.
You can't go up here!
You climb downwards.
Found a scroll labelled PUNWOS ALIERR.
There is a stone staircase leading up here.
You hit the howler monkey skeleton.
You tail-slap the howler monkey skeleton.
The howler monkey skeleton hits you but does no damage.
You completely miss the howler monkey skeleton.
You tail-slap the howler monkey skeleton.
You block the howler monkey skeleton's attack.
You hit the howler monkey skeleton.
You tail-slap the howler monkey skeleton!
You destroy the howler monkey skeleton!
No target in view!
No target in view!
No target in view!
Found 12 gold pieces.
v - a scroll labelled PUNWOS ALIERR
Found an escape hatch in the floor.
You now have 217 gold pieces (gained 12).
Duvessa, Sister of Dowan comes into view.
She is wielding a +0 rapier and carrying a wand of flame (8).
Duvessa zaps a wand.
The puff of flame hits you!
There is an escape hatch in the floor here.
Unknown command.
There is a stone staircase leading up here.
You start waiting.
Duvessa is nearby!
Okay, then.
Roll where?
Press: ? - help, Dir - move target, f - Duvessa
Aim: Duvessa, wielding a +0 rapier, wearing a +0 leather armour and carrying a wand of flame (7)
You roll forward with a clatter of scales!
You hit Duvessa but do no damage. You tail-slap Duvessa!
You hear a shout!
Duvessa closely misses you.
You hit Duvessa but do no damage. You tail-slap Duvessa!
Duvessa hits you with a +0 rapier.
You hit Duvessa. You tail-slap Duvessa. Duvessa hits you with a +0 rapier.
You hit Duvessa but do no damage.
Duvessa says, "Practise, practise, practise!
One day you'll be as good as me."
Duvessa zaps a wand.
The puff of flame hits you.
You barely miss Duvessa. Duvessa barely misses you.
You barely miss Duvessa. You tail-slap Duvessa!
Duvessa hits you with a +0 rapier.
An ogre comes into view. It is wielding a +0 giant club.
You hit Duvessa but do no damage. Duvessa hits you with a +0 rapier.
You hit Duvessa but do no damage.
Duvessa zaps a wand.
The puff of flame hits you.
You barely miss Duvessa. Duvessa hits you with a +0 rapier.
The ogre hits you with a +0 giant club!
* * * LOW HITPOINT WARNING * * *
Duvessa hits you with a +0 rapier.
* * * LOW HITPOINT WARNING * * *
You hit Duvessa. The ogre hits you with a +0 giant club!
* * * LOW HITPOINT WARNING * * *
Duvessa barely misses you.
Unknown command.
As you read the scroll labelled IWUCOAF VAU, it crumbles to dust.
Wisps of shadow whirl around you...
It was a scroll of summoning.
The ogre hits you with a +0 giant club!!
You die...

Skill      XL: |  1  2  3  4  5  6  7 |
---------------+----------------------+-----
Spellcasting   | 1 2 |  2.2
Maces & Flails | 3 4 |  4.4
Throwing       | 1 |  1.9
Armour         | 3 |  3.3
Dodging        | 1 2 |  2.0
Shields        | 3 |  3.4
Fighting       | 4 |  4.1
Poison Magic   | 1 |  1.1
Transmutations | 1 |  1.2
Fire Magic     | 1 |  1.1
Conjurations   | 1 |  1.0
Air Magic      | 1 |  1.0
Earth Magic    | |  0.2

Action                   |  1- 3 |  4- 6 |  7- 9 || total
-------------------------+-------+-------+-------++-------
Melee: Flail             |   113 |    74 |    26 ||   213
       Tailslap          |    10 |    44 |    19 ||    73
       Dagger            |       |   192 |    74 ||   266
       Staff             |       |       |    13 ||    13
Throw: Dart              |     3 |       |       ||     3
 Abil: Rolling Charge    |     1 |     4 |     9 ||    14
  Use: Scroll            |       |       |     1 ||     1
Armor: Scale mail        |    59 |    57 |       ||   116
       Robe              |       |    52 |    21 ||    73
Dodge: Dodged            |    41 |   110 |    36 ||   187
Block: Buckler           |    17 |    40 |    15 ||    72

Levels and vault maps discovered:
D:1:      minmay_arrival_open_corners, layout_basic,
          shapermc_ecumenical_altar_mp_ritualfount, kennysheep_another_room
D:2:      layout_loops_ring, uniq_sigmund, uniq_robin
D:3:      layout_basic, gammafunk_ghost_arena, amcnicky_mini_pool_small,
          minmay_misc_feat_tiny, uniq_ijyb
D:4:      layout_basic, kennysheep_orc_sif_temple, grunt_ministairs_10
D:5:      layout_basic, overflow_temple_1_default,
          minmay_temple_entry_offerings, chequers_serial_rivers_micro_e
D:6:      layout_basic, nicolae_overflow_hidden_temple, st_stairs_1,
          uniq_maggie, uniq_duvessa
Temple:   zaba_magenta_temple

Notes
Turn   | Place    | Note
-------+----------+-------------------------------------------
     0 | D:1      | MalarOregon the Palentonga Fighter began the quest for the
                  | Orb.
     0 | D:1      | Reached XP level 1. HP: 19/19 MP: 1/1
   155 | D:1      | Reached XP level 2. HP: 17/25 MP: 2/2
   505 | D:1      | Reached XP level 3. HP: 31/31 MP: 3/3
   845 | D:1      | Found a faded altar of an unknown god.
   878 | D:1      | You fall into a shaft and drop 1 floor!
   892 | D:2      | Reached skill level 1 in Spellcasting
   892 | D:2      | Reached XP level 4. HP: 28/37 MP: 5/5
   954 | D:2      | Reached skill level 3 in Maces & Flails
   990 | D:2      | Noticed Robin
  1023 | D:2      | Killed Robin
  1024 | D:2      | Reached skill level 1 in Throwing
  1293 | D:2      | Noticed Sigmund
  1306 | D:2      | Killed Sigmund
  1307 | D:2      | Reached skill level 3 in Armour
  1307 | D:2      | Reached skill level 1 in Dodging
  1307 | D:2      | Reached skill level 3 in Shields
  1307 | D:2      | Reached XP level 5. HP: 21/43 MP: 5/7
  1307 | D:2      | Reached XP level 6. HP: 24/50 MP: 5/8
  1752 | D:3      | Noticed Ijyb
  1972 | D:3      | Reached skill level 4 in Maces & Flails
  2059 | D:3      | Killed Ijyb
  2178 | D:3      | Found a transporter.
  2180 | D:3      | Noticed diceflayer's ghost (amateur MiFi)
  2460 | D:3      | Found a transporter.
  2832 | D:4      | You add the spells Ignite Poison, Mephitic Cloud and
                  | Freezing Cloud to your library.
  2867 | D:4      | Learned a level 3 spell: Ignite Poison
  2871 | D:4      | Learned a level 3 spell: Mephitic Cloud
  3098 | D:4      | Gained mutation: You curl defensively after being hit. (AC
                  | +7*) [Palentonga growth]
  3098 | D:4      | Reached XP level 7. HP: 44/56 MP: 9/9
  3418 | D:4      | Found a shimmering blue altar of Sif Muna.
  3515 | D:4      | You add the spells Borgnjor's Revivification, Necromutation
                  | and Death's Door to your library.
  3630 | D:5      | Entered Level 5 of the Dungeon
  3673 | D:5      | Reached skill level 2 in Spellcasting
  3988 | D:5      | Reached skill level 4 in Fighting
  3988 | D:5      | Reached skill level 1 in Poison Magic
  4027 | D:5      | Reached skill level 1 in Transmutations
  4027 | D:5      | Reached skill level 1 in Fire Magic
  4038 | D:5      | Found a staircase to the Ecumenical Temple.
  4051 | D:5      | You pick up a book of Burglary and begin reading...
  4051 | D:5      | You add the spells Passwall, Ensorcelled Hibernation and
                  | Swiftness to your library.
  4054 | Temple   | Entered the Ecumenical Temple
  4115 | Temple   | Became a worshipper of Hepliaklqana the Forgotten
  4156 | D:5      | Reached skill level 2 in Dodging
  4156 | D:5      | Reached skill level 1 in Conjurations
  4156 | D:5      | Reached skill level 1 in Air Magic
  4302 | D:5      | Found a white marble altar of Elyvilon.
  4600 | D:6      | Noticed Duvessa
  4625 | D:6      | HP: 13/57 [ogre/+0 giant club (12)]
  4626 | D:6      | Mangled by an ogre

Vanquished Creatures
  Sigmund (D:2)
  A necrophage (D:5)
  2 phantoms
  A centaur (D:5)
  A water moccasin zombie (D:5)
  2 iguanas
  A bullfrog skeleton (D:4)
  Ijyb (D:3)
  2 orc wizards (D:4)
  Robin (D:2)
  A gnoll (D:1)
  A howler monkey skeleton (D:6)
  5 adders
  An adder zombie (D:5)
  An adder skeleton (D:4)
  A worm (D:4)
  6 dart slugs
  11 orcs
  6 bats
  11 endoplasms
  3 giant cockroaches
  18 goblins
  13 hobgoblins
  14 jackals
  8 kobolds
  2 quokkas (D:1)
  6 ball pythons
  A frilled lizard (D:2)
  6 rats
128 creatures vanquished.

Vanquished Creatures (others)
  A plant (D:1)
1 creature vanquished.

Grand Total: 129 creatures vanquished

Table legend:
 A = Non-vault XP
 B = Vault XP
 C = Vault XP percentage of total XP
 D = Non-vault monster count
 E = Vault monster count
 F = Vault count percentage of total count
                 A         B        C        D         E       F
            +---------+---------+-------+---------+---------+-------
      Total |    1025 |     309 |  23.2 |     112 |      16 |  12.5
            +---------+---------+-------+---------+---------+-------
        D:1 |      77 |       0 |   0.0 |      34 |       0 |   0.0
        D:2 |      87 |     267 |  75.4 |      26 |      12 |  31.6
        D:3 |     141 |      36 |  20.3 |      14 |       1 |   6.7
        D:4 |     227 |       6 |   2.6 |      30 |       3 |   9.1
        D:5 |     479 |       0 |   0.0 |       7 |       0 |   0.0
        D:6 |      14 |       0 |   0.0 |       1 |       0 |   0.0
            +---------+---------+-------+---------+---------+-------

Illustrated notes

Table legend:
 A = Kills in this place as a percentage of kills in entire the game.
 B = Kills by you in this place as a percentage of kills by you in the entire game.
 C = Kills by friends in this place as a percentage of kills by friends in the entire game.
 D = Other kills in this place as a percentage of other kills in the entire game.
 E = Experience gained in this place as a percentage of experience gained in the entire game.
 F = Experience gained in this place divided by the number of levels of this place that you have seen.
                   A       B       C       D       E      F
               +-------+-------+-------+-------+-------+----------------------
         Total | 100.0 | 100.0 |   N/A |   N/A | 100.0 | 190.6
       Dungeon | 100.0 | 100.0 |   N/A |   N/A | 100.0 | 222.3
               +-------+-------+-------+-------+-------+----------------------

Table legend: (Time is in decaauts)
 A = Elapsed time spent in this place.
 B = Non-inter-level travel time spent in this place.
 C = Inter-level travel time spent in this place.
 D = Time resting spent in this place.
 E = Time spent auto-exploring this place.
 F = Levels seen in this place.
 G = Mean time per level.
                   A        B        C        D        E       F      G
               +--------+--------+--------+--------+--------+-----+--------+
         Total |   4697 |   4310 |    387 |    113 |   3108 |   7 |  671.0 |
       Dungeon |   4622 |   4247 |    375 |    113 |   3058 |   6 |  770.3 |
        Temple |     74 |     62 |     12 |      0 |     50 |   1 |   74.0 |
               +--------+--------+--------+--------+--------+-----+--------+

Top non-repeatable levels by time:
     D:1: 1122 daAuts
     D:3: 1016 daAuts
     D:5: 880 daAuts
     D:4: 866 daAuts
     D:2: 690 daAuts
  Temple: 74 daAuts
     D:6: 46 daAuts
